 Dungeon Crawl Stone Soup version 0.32-a0-571-gec57dfcd37 (webtiles) character file.

Game seed: 18181967918636146228

131 hikkokomori the Cutter (level 5, -3/41 HPs)
             Began as a Coglin Brigand on Feb 29, 2024.
             Was an Initiate of Wu Jian.
             Slain by an ogre
             ... wielding a +0 giant club
              (30 damage)
             ... on level 5 of the Dungeon.
             The game lasted 00:10:22 (2721 turns).

hikkokomori the Cutter (Coglin Brigand)             Turns: 2721, Time: 00:10:23

Health: -3/41      AC:  7    Str: 14    XL:     5   Next: 14%
Magic:  5/5        EV: 12    Int: 10    God:    Wu Jian [......]
Gold:   196        SH:  0    Dex: 18    Spells: 4/4 levels left

rFire   . . .        a - +2 dagger {Msizi}
rCold   + . .        o - +0 dagger (speed) {Francisca}
rNeg    . . .        x - +0 robe "Ostelung" {+Blink rC+ Str+3}
rPois   .            u - +2 helmet {SInv}
rElec   .            c - +0 cloak
rCorr   .            (no gloves)
SInv    +            h - +0 pair of boots
Will    .....        (amulet unavailable)
Stlth   +++          (ring unavailable)
HPRegen 0.26/turn    (ring unavailable)
MPRegen 0.09/turn    (no gizmo)

%: no passive effects
@: revving
A: off-hand wielding, slow wielding, warmup strikes, no jewellery
a: Invent Gizmo, Renounce Religion, Evoke Blink


You were on level 5 of the Dungeon.
You worshipped Wu Jian.
Wu Jian was noncommittal.
You visited 2 branches of the dungeon, and saw 7 of its levels.

You collected 196 gold pieces.

Inventory:

Hand Weapons
 a - a +2 dagger (weapon) {Msizi}
 o - a +0 dagger of speed (offhand) {Francisca}
 w - a +4 antimagic dagger
Missiles
 d - 8 poisoned darts (quivered)
 e - 3 curare-tipped darts
Armour
 b - a +0 robe
 c - a +0 cloak (worn)
 h - a +0 pair of boots (worn)
 r - a +0 ring mail
 u - a +2 helmet of see invisible (worn)
 x - the +0 robe "Ostelung" (worn) {+Blink rC+ Str+3}
   (You found it on level 4 of the Dungeon)

   Str+3:     It affects your strength (+3).
   rC+:       It protects you from cold.
   +Blink:    It lets you blink.
Scrolls
 j - 4 scrolls of identify {unknown}
 k - 3 scrolls of teleportation {unknown}
 m - a scroll of noise {unknown}
 n - a scroll of vulnerability {unknown}
 p - 2 scrolls of enchant weapon {unknown}
 t - a scroll of poison {unknown}
 v - a scroll of silence {unknown}
Potions
 f - 4 potions of heal wounds {unknown}
 g - 4 potions of attraction {unknown}
 i - 3 potions of mutation {unknown}
 l - a potion of enlightenment {unknown}
 q - a potion of lignification {unknown}
 s - a potion of brilliance {unknown}
 z - a potion of might {unknown}


   Skills:
 - Level 3.0 Fighting
 + Level 3.9 Short Blades
 - Level 2.0 Throwing
 - Level 1.1 Dodging
 - Level 3.3 Stealth


You had 4 spell levels left.
You didn't know any spells.
Your spell library contained the following spells:

 Spells                   Type           Power      Damage    Failure   Level
 Necrotise                Necr           0%         1d4       36%         1
 Jinxbite                 Hex            0%         N/A       50%         2
 Ozocubu's Armour         Ice            0%         N/A       75%         3
 Vampiric Draining        Necr           0%         2d6       75%         3
 Martyr's Knell           Necr/Summ      0%         N/A       98%         4
 Curse of Agony           Necr           0%         N/A       100%        5
 Metabolic Englaciation   Hex/Ice        0%         N/A       100%        5
 Yara's Violent Unravell  Hex/Alch       0%         3d3       100%        5
 Sculpt Simulacrum        Ice/Alch       0%         N/A       100%        6
 Enfeeble                 Hex            0%         N/A       100%        7


Dungeon Overview and Level Annotations

Branches:
Dungeon (6/15)             Temple (1/1) D:5

Altars:
Ashenzari
Cheibriados
Dithmenos
Elyvilon
Fedhas
Hepliaklqana
Kikubaaqudgha
Makhleb
Nemelex Xobeh
Qazlal
Ru
Sif Muna
Trog
Uskayaw
Vehumet
Wu Jian
Xom
Yredelemnul

Shops:
D:6 [


Innate Abilities, Weirdness & Mutations

You can wield a second weapon in your off-hand.
It takes a long time for you to wield or remove held weapons.
Your first few attacks do less damage.
You cannot equip rings or amulets.


Message History

Found a stone staircase leading down.
z - a fuming brown potion
Found a whip.
An ogre comes into view. It is wielding a +0 giant club.
Throw: 14 darts (poison)
Press: ? - help, Shift-Dir - straight line, f - ogre
Aim: an ogre, wielding a +0 giant club (asleep, 98% to hit)
You throw a poisoned dart. The poisoned dart hits the ogre.
The ogre is poisoned.
The ogre shouts!
You throw a poisoned dart.
The poisoned dart closely misses the ogre.
You throw a poisoned dart. The poisoned dart hits the ogre.
The ogre looks even sicker.
The ogre is lightly wounded.
You throw a poisoned dart. The poisoned dart hits the ogre.
The ogre is lightly wounded.
You throw a poisoned dart. The poisoned dart hits the ogre.
The ogre looks even sicker.
The ogre is lightly wounded.
You throw a poisoned dart. The poisoned dart hits the ogre.
The ogre looks as sick as possible!
The ogre is lightly wounded.
You swing at nothing.
You hit the ogre with your +0 dagger of speed.
The ogre is moderately wounded.
You barely miss the ogre with your +2 dagger.
The ogre hits you with a +0 giant club!
You hit the ogre but do no damage.
The ogre is moderately wounded.
You barely miss the ogre with your +2 dagger.
You barely miss the ogre with your +0 dagger of speed.
The ogre is moderately wounded.
You hit the ogre but do no damage.
You barely miss the ogre with your +2 dagger.
The ogre is heavily wounded.
You hit the ogre with your +0 dagger of speed.
The ogre hits you with a +0 giant club!!
Ouch! That really hurt!
You die...

##.# . ..##?.. # ## .#
.......... .###..#
........#. ..)..##
.........###....... ##
............#.?.....
..##.>..........@O.(((..
#.......#......###.....(
#.#............# .....
#..##..........## ....
#...##..#.##.##.#......
##....##.###......... ..
#..>.###.........###. .
.....###.........#
.##...#........###


You could see an ogre (very poisoned).

Vanquished Creatures
  A bombardier beetle (D:5)
  Robin (D:3)
  2 adders (D:2)
  2 dart slugs
  9 endoplasms
  4 giant cockroaches
  13 goblins
  5 hobgoblins
  4 jackals (D:4)
  3 kobolds
  2 quokkas (D:1)
  4 ball pythons
  2 bats (D:2)
  2 frilled lizards
  5 rats
59 creatures vanquished.

Notes
Turn   | Place    | Note
-------+----------+-------------------------------------------
     0 | D:1      | hikkokomori the Coglin Brigand began the quest for the Orb.
     0 | D:1      | Reached XP level 1. HP: 16/16 MP: 1/1
    69 | D:1      | Found a faded altar of an unknown god.
   105 | D:1      | Reached skill level 1 in Dodging
   208 | D:1      | Reached XP level 2. HP: 16/22 MP: 2/2
   804 | D:2      | Reached XP level 3. HP: 26/28 MP: 3/3
  1108 | D:2      | Reached XP level 4. HP: 35/35 MP: 4/4
  1563 | D:3      | Found a broken altar of Ashenzari.
  2433 | D:3      | Noticed Robin
  2452 | D:3      | Killed Robin
  2495 | D:3      | Upgraded the game from 0.32-a0-540-g866d13106e to
                  | 0.32-a0-571-gec57dfcd37
  2557 | D:4      | Identified the +0 robe "Ostelung" {+Blink rC+ Str+3}
  2578 | D:4      | You fall into a shaft and drop 2 floors!
  2640 | D:6      | Found Kipn's Armour Boutique.
  2652 | D:5      | Entered Level 5 of the Dungeon
  2652 | D:5      | Found a staircase to the Ecumenical Temple.
  2656 | Temple   | Entered the Ecumenical Temple
  2660 | Temple   | Became a worshipper of the Wu Jian Council
  2678 | D:5      | Reached XP level 5. HP: 37/41 MP: 5/5
  2710 | D:5      | Noticed an ogre
  2721 | D:5      | Slain by an ogre

Illustrated notes

Levels and vault maps discovered:
D:1:      amcnicky_arrival_flooded_fountain, layout_rooms,
          shapermc_ecumenical_altar_venn, minmay_misc_feat_enclosed,
          minmay_misc_feat_rows, minmay_misc_feat_nine_boxes
D:2:      minmay_angry_zag, layout_basic
D:3:      layout_basic, cheibrodos_ashenzari_chains, uniq_robin
D:4:      layout_cave_pods, uniq_ijyb
D:5:      minmay_goblin_kobold_castle, layout_cave_pools,
          minmay_temple_entry_wispy
D:6:      cheibrodos_helix_gallery, layout_loops_ring, serial_shops,
          nicolae_lakefront_shop, nicolae_shop_statue_plus, uniq_eustachio
Temple:   sentei_temple_godly_chess

Skill      XL: |  1  2  3  4 |
---------------+-------------+-----
Dodging        | 1 |  1.1
Short Blades   | 2 3 |  3.9
Throwing       | 2 |  2.0
Fighting       | 3 |  3.0
Stealth        | |  3.3

Action                     |  1- 3 |  4- 6 || total
---------------------------+-------+-------++-------
  Melee: Dagger            |   133 |   127 ||   260
  Throw: Dart              |       |     6 ||     6
Ability: Lunge             |       |     1 ||     1
   Stab: Sleeping          |     6 |     1 ||     7
 Armour: Robe              |    40 |     5 ||    45
         Ring mail         |       |    34 ||    34
  Dodge: Dodged            |    47 |    25 ||    72

Table legend: (Time is in decaauts)
 A = Elapsed time spent in this place.
 B = Non-inter-level travel time spent in this place.
 C = Inter-level travel time spent in this place.
 D = Time resting spent in this place.
 E = Time spent auto-exploring this place.
 F = Levels seen in this place.
 G = Mean time per level.
                   A        B        C        D        E       F      G
               +--------+--------+--------+--------+--------+-----+--------+
         Total |   2678 |   2614 |     64 |      0 |   2119 |   7 |  382.6 |
       Dungeon |   2669 |   2607 |     62 |      0 |   2119 |   6 |  444.8 |
        Temple |      8 |      6 |      2 |      0 |      0 |   1 |    8.0 |
               +--------+--------+--------+--------+--------+-----+--------+

Top non-repeatable levels by time:
     D:3: 942 daAuts
     D:2: 863 daAuts
     D:1: 679 daAuts
     D:6: 73 daAuts
     D:5: 56 daAuts
     D:4: 54 daAuts
  Temple: 8 daAuts
